Cogmind - Beta 15 @@@ ROGUE MODE // 2025.05.26 @ 19:37:41 Player: Jack Result: Self-destructed Performance ------------- Evolutions (4) 2000 Regions Visited (9) 1800 Robots Destroyed (36) 180 Value Destroyed (720) 720 Prototype IDs (24) 480 Alien Tech Used (0) 0 Bonus (12) 12 TOTAL SCORE: 5192 Bonus ------- High Alert Combat Kills 12 Cogmind --------- Core Integrity 679/850 Matter 198/300 Energy 8/100 System Corruption 8% Temperature Cool (0) Movement Core (50) Location -6/Factory Parts ------- > --- POWER (1) -------- (None) > --- PROPULSION (2) --- (None) > --- UTILITY (10) ----- Advanced Sensor Array Improved Signal Interpreter Hacking Suite Hacking Suite Hacking Suite Hacking Suite Hacking Suite System Shield > --- WEAPON (2) ------- (None) > --- INVENTORY (5) ---- Nuclear Pulse Array Advanced Sensor Array Heavy Missile Launcher Chainsword Peak State ------------ > --- POWER ------------ Light Deuterium Engine > --- PROPULSION ------- Xenon Bombardment Thruster Nuclear Pulse Thruster > --- UTILITY ---------- Structural Scanner Improved Sensor Array Advanced Sensor Array Improved Signal Interpreter Hacking Suite Hacking Suite System Shield Authchip [Processor] Authchip [Processor] > --- WEAPON ----------- Chainsword > --- INVENTORY -------- Nuclear Pulse Array Improved Sensor Array Improved Sensor Array Heavy Missile Launcher [Rating: 47] Favorites ----------- Power Light Ion Engine Engine Light Ion Engine Power Core Light Nuclear Core Propulsion Flight Unit Flight Unit Flight Unit Utility Hacking Suite Device Structural Scanner Processor Improved Signal Interpreter Hackware Hacking Suite Weapon Makeshift Sword Energy Gun Medium Laser Ballistic Gun Assault Rifle Launcher Rocket Launcher Slashing Weapon Makeshift Sword Build | -11 -10 -10 -10 -9 -8 -7 -6 -6 -6 ------- Run | Yrd Mat Min Exi Min Mat Fac Fac Was Fac Slots Evolved 8 | . . . . . 4 2 2 . . Power . | . . . . . . . . . . Propulsion . | . . . . . . . . . . Utility 8 | . . . . . 4 2 2 . . Weapon . | . . . . . . . . . . Parts Attached 39 | 2 3 5 2 . 4 14 1 3 5 Power 5 | . 1 . . . 2 2 . . . Engine 3 | . 1 . . . 1 1 . . . Core 2 | . . . . . 1 1 . . . Reactor . | . . . . . . . . . . Propulsion 10 | . 2 4 . . 1 1 1 1 . Treads . | . . . . . . . . . . Leg . | . . . . . . . . . . Wheel . | . . . . . . . . . . Hover . | . . . . . . . . . . Flight 10 | . 2 4 . . 1 1 1 1 . Utility 18 | . . . 1 . 1 10 . 1 5 Device 5 | . . . . . . 3 . 1 1 Storage . | . . . . . . . . . . Processor 3 | . . . . . . 3 . . . Hackware 10 | . . . 1 . 1 4 . . 4 Protection . | . . . . . . . . . . Artifact . | . . . . . . . . . . Weapon 6 | 2 . 1 1 . . 1 . 1 . Energy Gun 2 | 1 . . 1 . . . . . . Energy Cannon . | . . . . . . . . . . Ballistic Gun 1 | 1 . . . . . . . . . Ballistic Cannon . | . . . . . . . . . . Launcher 1 | . . 1 . . . . . . . Special Weapon . | . . . . . . . . . . Impact Weapon . | . . . . . . . . . . Slashing Weapon 2 | . . . . . . 1 . 1 . Piercing Weapon . | . . . . . . . . . . Special Melee Weapon . | . . . . . . . . . . Unidentified Prototypes 1 | . . . . . . 1 . . . Corrupted Parts 1 | . . . . . . . . . 1 System Corruption 1 | . . . . . . . . . 1 Parts Lost 10 | . . 1 . . 2 3 . 1 3 Power . | . . . . . . . . . . Propulsion 7 | . . 1 . . 1 2 . 1 2 Utility 2 | . . . . . 1 . . . 1 Weapon 1 | . . . . . . 1 . . . Highest Loss Streak 2 | . . 1 . . 2 1 . 1 2 To Critical Strikes . | . . . . . . . . . . Average Backups 3 | . . 3 5 5 4 4 5 4 3 Power . | . . . 1 1 . 1 . . . Propulsion 1 | . . 2 2 2 2 1 1 1 1 Utility . | . . . . . . . 2 1 1 Weapon 1 | . . . 1 2 1 1 2 1 1 Tool/Special . | . . . . . . . . . . Unused Backups 7 | . . . . . . 1 . . 6 Power . | . . . . . . . . . . Propulsion 1 | . . . . . . . . . 1 Utility 5 | . . . . . . 1 . . 4 Weapon 1 | . . . . . . . . . 1 Tool/Special . | . . . . . . . . . . Average Slot Usage (%) 62 | . 53 71 54 57 36 63 80 79 72 Engine 4 | . 9 14 2 . . . 6 . 2 Core 1 | . . . . . 1 4 . . . Flight 18 | . 20 28 28 28 17 14 13 12 8 Device 5 | . . . . . . 8 13 17 13 Processor 3 | . . . . . . 9 6 6 6 Hackware 14 | . . . 8 14 10 16 33 31 33 Energy Gun 6 | . 11 13 14 14 4 . . . . Ballistic Gun 3 | . 11 14 2 . . . . . . Slashing Weapon 3 | . . . . . . 6 6 10 5 Peak Build Rating 47 | 2 5 6 23 23 26 39 41 46 47 Average Rating 20 | . 3 5 19 23 14 23 40 42 37 On Entrance 18 | . 1 5 5 23 23 7 39 41 36 Naked Turns . | . . . . . . . . . . Heaviest Build 10 | 2 7 7 8 8 9 9 9 9 10 Greatest Support 12 | 3 8 8 8 8 8 9 11 12 12 Greatest Overweight (x) 1 | . 1 1 1 . 1 . . . 1 Average Overweight (x) . | . . . . . . . . . . Largest Inventory Capacity 5 | 5 5 5 5 5 5 5 5 5 5 Average Capacity 5 | 5 5 5 5 5 5 5 5 5 5 Most Carried 5 | 1 1 5 5 5 5 5 5 5 5 Average Carried 3 | . . 3 5 5 4 4 5 4 4 Final Capacity 5 | 5 5 5 5 5 5 5 5 5 5 Final Carried 5 | 1 . 5 5 5 5 5 5 5 5 Class Distribution -------------------- 53% | Mutant 26% | Hacker-Scout 12% | Commander-Mutant 4% | Wizard-Scout Dominant Class ---------------- Mutant | -10/Materials Mutant | -10/Mines Commander-Mutant | -10/Exiles Commander-Mutant | -9/Mines Mutant | -8/Materials Mutant | -7/Factory Hacker-Scout | -6/Factory Hacker-Scout | -6/Waste Hacker-Scout | -6/Factory Resources | -11 -10 -10 -10 -9 -8 -7 -6 -6 -6 ----------- Run | Yrd Mat Min Exi Min Mat Fac Fac Was Fac Matter Collected 753 | 114 93 82 . . 55 276 . . 133 Remotely . | . . . . . . . . . . Salvage Created 698 | . 127 57 . 10 83 308 . . 113 Parts 66 | . 11 10 . . 14 27 . . 4 Haulers Intercepted . | . . . . . . . . . . Recyclers Shooed 1 | . . . . . . . . . 1 Parts Field Recycled . | . . . . . . . . . . Retrieved Matter . | . . . . . . . . . . Parts Self-Destructed . | . . . . . . . . . . Prevented . | . . . . . . . . . . Kills | -11 -10 -10 -10 -9 -8 -7 -6 -6 -6 ------- Run | Yrd Mat Min Exi Min Mat Fac Fac Was Fac Combat Hostiles Destroyed 21 | . 5 5 . 1 5 4 . . 1 Melee 3 | . . . . . . 2 . . 1 Guns 10 | . 5 3 . 1 1 . . . . AOE 8 | . . 2 . . 4 2 . . . Classes Destroyed 11 | . 2 . . 1 3 4 . . 1 Worker 4 | . . . . . 1 2 . . 1 Builder 5 | . . . . . . 5 . . . Recycler 1 | . . . . . . 1 . . . Operator 4 | . . . . . . 2 . . 2 Watcher 2 | . . . . . . 2 . . . Swarmer 14 | . 3 5 . . 2 4 . . . Cutter 2 | . . . . . 2 . . . . Grunt 2 | . 2 . . . . . . . . Sentry 1 | . . . . . 1 . . . . Programmer 1 | . . . . . . . . . 1 Assembled 1 | . . . . 1 . . . . . Best Kill Streak 7 | . 4 3 . 1 6 7 . . 1 Combat Bots Only 5 | . 4 3 . 1 5 2 . . 1 Max Kills in Single Turn 4 | . 1 2 . 1 2 4 . . 1 Gunslinging . | . . . . . . . . . . Exploded 2 | . . 2 . . 2 2 . . . Melee 1 | . . . . . . 1 . . 1 Uniques/NPCs Destroyed . | . . . . . . . . . . Combat | -11 -10 -10 -10 -9 -8 -7 -6 -6 -6 -------- Run | Yrd Mat Min Exi Min Mat Fac Fac Was Fac Hostile Shots Fired 167 | . 16 21 . 4 24 65 . 1 36 Missed 93 | . 3 7 . 3 14 45 . . 21 Hits 74 | . 13 14 . 1 10 20 . 1 15 Melee 3 | . . . . . 2 . . 1 . Projectile 71 | . 13 14 . 1 8 20 . . 15 AOE 2 | . . . . . 2 . . . . Critical Strikes 3 | . 1 . . . 1 . . 1 . Damage Taken 1152 | . 130 122 . 14 312 315 . 58 201 Core 633 | . 50 37 . . 224 151 . 58 113 Absorbed by Shields . | . . . . . . . . . . Core Remaining (%) 75 | 100 . . . 65 59 78 . . . Volleys Fired 27 | . 13 8 . . 3 3 . . . Largest 2 | . 2 2 . . 1 1 . . . Hottest 70 | . 70 70 . . 33 33 . . . Shots Fired 59 | . 24 16 . 7 9 3 . . . Gun 51 | . 24 14 . 7 6 . . . . Cannon . | . . . . . . . . . . Launcher 8 | . . 2 . . 3 3 . . . Special . | . . . . . . . . . . Kinetic 21 | . 13 8 . . . . . . . Thermal 30 | . 11 6 . 7 6 . . . . Explosive 8 | . . 2 . . 3 3 . . . Electromagnetic . | . . . . . . . . . . Robot Hit Streak 10 | . 10 3 . 2 4 . . . . Robot Miss Streak 6 | . 2 1 . 6 6 . . . . Penetration Max . | . . . . . . . . . . Secondary Targets . | . . . . . . . . . . Autonomous 13 | . . . . 7 6 . . . . Shots Hit Robots 61 | . 16 6 . 2 3 25 1 . 8 Core Hits 35 | . 7 5 . 1 6 12 . . 4 Critical Kills 1 | . 1 . . . . . . . . Critical Parts Destroyed 1 | . 1 . . . . . . . . Critical Strikes 5 | . 3 . . . . . 1 . 1 Burn 1 | . 1 . . . . . . . . Destroy 2 | . 2 . . . . . . . . Sever 2 | . . . . . . . 1 . 1 Melee Attacks 94 | . . . . . . 63 4 . 27 Impact . | . . . . . . . . . . Slashing 94 | . . . . . . 63 4 . 27 Piercing . | . . . . . . . . . . Sneak Attacks 10 | . . . . . . 8 . . 2 Combat Hostiles . | . . . . . . . . . . Follow-up Attacks . | . . . . . . . . . . Damage Inflicted 2948 | . 198 191 . 85 253 1762 47 . 412 Guns 418 | . 198 75 . 85 60 . . . . Cannons . | . . . . . . . . . . Explosions 732 | . . 116 . . 193 423 . . . Melee 1793 | . . . . . . 1339 47 . 407 Ramming 5 | . . . . . . . . . 5 Kinetic 122 | . 110 12 . . . . . . . Thermal 296 | . 88 63 . 85 60 . . . . Explosive 732 | . . 116 . . 193 423 . . . Electromagnetic . | . . . . . . . . . . Impact . | . . . . . . . . . . Slashing 1793 | . . . . . . 1339 47 . 407 Piercing . | . . . . . . . . . . Highest Corruption 8 | . . . . . . 1 . 7 8 Average Corruption 4 | . . . . . . 1 . 7 7 Corruption Purged . | . . . . . . . . . . Corruption Blocked . | . . . . . . . . . . Effects 21 | . . . . . . 3 . 2 16 Message Errors 7 | . . . . . . . . . 7 Matter Fused 8 | . . . . . . 2 . 1 5 Heat Flow Errors 2 | . . . . . . 1 . . 1 Energy Discharges 2 | . . . . . . . . . 2 Data Loss (major) 1 | . . . . . . . . . 1 Alerts 1 | . . . . . . . . 1 . Overload Shots . | . . . . . . . . . . Overflow Damage 441 | . . 8 . . 27 318 . . 88 Projectiles . | . . . . . . . . . . Explosions 103 | . . 8 . . 27 68 . . . Melee 338 | . . . . . . 250 . . 88 Knockbacks . | . . . . . . . . . . Impact . | . . . . . . . . . . Kinetic . | . . . . . . . . . . Secondary . | . . . . . . . . . . Self-Inflicted Damage 108 | . . . . . 80 26 . . 2 Shots 3 | . . . . . 2 1 . . . Rammed 1 | . . . . . . . . . 1 Targets Rammed 1 | . . . . . . . . . 1 Kicked . | . . . . . . . . . . Crushed . | . . . . . . . . . . Highest Temperature 151 | . 42 42 . . 15 116 . . 151 Average Temperature 29 | . 18 19 . . 15 67 . . 85 Received Heat Transfer 195 | . 36 9 . . 72 48 . . 30 Siege Activations . | . . . . . . . . . . Martial Activations . | . . . . . . . . . . Shielding Activations . | . . . . . . . . . . Robots Disrupted . | . . . . . . . . . . Combat Hostiles . | . . . . . . . . . . Robots Corrupted . | . . . . . . . . . . Combat Hostiles . | . . . . . . . . . . Parts Fried . | . . . . . . . . . . Impact Corruptions . | . . . . . . . . . . Robots Melted . | . . . . . . . . . . Combat Hostiles . | . . . . . . . . . . Parts Melted 1 | . 1 . . . . . . . . Heat Transferred 703 | . 333 185 . 111 74 . . . . Parts Sabotaged . | . . . . . . . . . . Parts Stolen . | . . . . . . . . . . Parts Stripped . | . . . . . . . . . . Power Chain Reactions . | . . . . . . . . . . Alert | -11 -10 -10 -10 -9 -8 -7 -6 -6 -6 ------- Run | Yrd Mat Min Exi Min Mat Fac Fac Was Fac Maximum Alert Level 2 | . . . . . . 2 1 . . Low Security (%) 84 | 100 100 100 . 100 100 58 7 100 100 Level 1 10 | . . . . . . 25 92 . . Level 2 5 | . . . . . . 15 . . . Level 3 . | . . . . . . . . . . Level 4 . | . . . . . . . . . . Level 5 . | . . . . . . . . . . High Security . | . . . . . . . . . . Max Security . | . . . . . . . . . . Peak Influence 470 | . 155 61 . 4 162 470 222 67 72 Initial 222 | . . 14 . . . 62 222 67 4 Average 86 | . 81 29 . 1 85 153 210 40 23 Influence Increases 1604 | . 278 131 . 4 187 719 2 . 283 Destroy 0b10 Robot/C 400 | . 100 100 . . 100 80 . . 20 Destroy 0b10 Robot/NC 80 | . . . . . 5 60 . . 15 Destroy Leader 74 | . 10 10 . . 30 14 . . 10 Successful Hack 64 | . 18 . . . 11 5 . . 30 Disable Machine 210 | . . . . . 15 180 . . 15 Destroy Structure 131 | . . 21 . 4 26 65 2 . 13 Partial Spotted 75 | . 15 . . . . 45 . . 15 Lose Combat Pursuer 570 | . 135 . . . . 270 . . 165 Influence Decreases 1573 | . 240 148 21 4 50 401 263 187 259 Entered New Map 483 | . . 24 21 . . 75 233 127 3 Time Decay 965 | . 240 114 . . 30 305 30 30 216 Lost Part 91 | . . 10 . . 20 21 . 10 30 Lost Ally 34 | . . . . 4 . . . 20 10 Squads Dispatched 19 | . 3 . . . 2 11 . . 3 Investigation 6 | . 1 . . . . 4 . . 1 Extermination 4 | . . . . . . 3 . . 1 Reinforcement 9 | . 2 . . . 2 4 . . 1 Assault . | . . . . . . . . . . Garrison . | . . . . . . . . . . Intercept . | . . . . . . . . . . Searches Triggered . | . . . . . . . . . . Construction Impeded 2 | . . . . . . 2 . . . Haulers Reinforced . | . . . . . . . . . . Active Scanning Responses . | . . . . . . . . . . Cargo Convoy Interrupts . | . . . . . . . . . . Stealth | -11 -10 -10 -10 -9 -8 -7 -6 -6 -6 --------- Run | Yrd Mat Min Exi Min Mat Fac Fac Was Fac Distress Signals 7 | . 4 . . . 1 1 . . 1 Communications Jammed . | . . . . . . . . . . Distress Signals . | . . . . . . . . . . Times Spotted 118 | . 19 8 . 19 19 29 2 6 16 Peak Tracking Total 20 | . 5 3 . 20 13 11 2 6 7 Tactical Retreats 21 | . 6 . . 1 . 7 . 1 6 Traps | -11 -10 -10 -10 -9 -8 -7 -6 -6 -6 ------- Run | Yrd Mat Min Exi Min Mat Fac Fac Was Fac Traps Triggered 3 | . 1 . . . . 1 1 . . Indirectly . | . . . . . . . . . . Trap Hack Attempts . | . . . . . . . . . . Triggered . | . . . . . . . . . . Disarmed . | . . . . . . . . . . Reprogrammed . | . . . . . . . . . . Reused . | . . . . . . . . . . Traps Extracted . | . . . . . . . . . . Installed . | . . . . . . . . . . Triggered . | . . . . . . . . . . Machines | -11 -10 -10 -10 -9 -8 -7 -6 -6 -6 ---------- Run | Yrd Mat Min Exi Min Mat Fac Fac Was Fac Machines Disabled 14 | . . . . . 1 12 . . 1 Max in Single Turn 4 | . . . . . 1 4 . . 1 Garrison Access 1 | . . . . . . . 1 . . Machines Repaired . | . . . . . . . . . . Machines Dismantled . | . . . . . . . . . . Machines Sabotaged . | . . . . . . . . . . Overloaded Fab Kills . | . . . . . . . . . . Hacking | -11 -10 -10 -10 -9 -8 -7 -6 -6 -6 --------- Run | Yrd Mat Min Exi Min Mat Fac Fac Was Fac Machines Accessed 24 | . 5 . 1 . 2 10 1 . 5 Terminals 16 | . 5 . . . 2 5 . . 4 Fabricators 5 | . . . . . . 4 . . 1 Repair Stations . | . . . . . . . . . . Recycling Units . | . . . . . . . . . . Scanalyzers . | . . . . . . . . . . Garrison Access 2 | . . . . . . 1 1 . . Total Hacks 52 | . 10 . 1 . 2 20 1 . 18 Successful 26 | . 6 . 1 . 2 8 1 . 8 Failed 26 | . 4 . . . . 12 . . 10 Catastrophic 2 | . . . . . . 2 . . . Database Lockouts . | . . . . . . . . . . Manual 35 | . 10 . 1 . 2 11 . . 11 Terminals 33 | . 10 . . . 2 9 . . 12 Fabricators 16 | . . . . . . 10 . . 6 Repair Stations . | . . . . . . . . . . Recycling Units . | . . . . . . . . . . Scanalyzers . | . . . . . . . . . . Garrison Access 2 | . . . . . . 1 1 . . Terminal Hacks 7 | . 1 . 1 . 2 1 . . 2 Part Schematic 1 | . . . . . 1 . . . . Terminal Index 3 | . 1 . . . 1 . . . 1 Fabricator Index 1 | . . . . . . . . . 1 Recall Reinforcements 1 | . . . . . . 1 . . . Proto ID Catalog 1 | . . . 1 . . . . . . Fabricator Hacks 8 | . . . . . . 4 . . 4 Network Status 1 | . . . . . . 1 . . . Load Schematic 5 | . . . . . . 3 . . 2 Build 2 | . . . . . . . . . 2 Repair Station Hacks . | . . . . . . . . . . Recycling Unit Hacks . | . . . . . . . . . . Scanalyzer . | . . . . . . . . . . Garrison Access Hacks 1 | . . . . . . . 1 . . Seal Access 1 | . . . . . . . 1 . . Unauthorized Hacks 10 | . 5 . . . . 3 . . 2 Terminals 7 | . 5 . . . . 1 . . 1 Assimilate 1 | . . . . . . . . . 1 Operators 1 | . . . . . . 1 . . . Skim 5 | . 5 . . . . . . . . Fabricators 3 | . . . . . . 2 . . 1 Prioritize 1 | . . . . . . . . . 1 Recompile 2 | . . . . . . 2 . . . Repair Stations . | . . . . . . . . . . Recycling Units . | . . . . . . . . . . Scanalyzers . | . . . . . . . . . . Garrison Access . | . . . . . . . . . . Data Cores Recovered 2 | . . . . . . 1 . . 1 Used 1 | . . . . . . 1 . . . Hacking Detections 12 | . 2 . . . . 7 . . 3 Full Trace Events 3 | . . . . . . 2 . . 1 Feedback Events 1 | . . . . . . 1 . . . Corruption 1 | . . . . . . 1 . . . Feedback Blocked . | . . . . . . . . . . Robot Schematics Acquired . | . . . . . . . . . . Robots Built . | . . . . . . . . . . Authchips . | . . . . . . . . . . Time . | . . . . . . . . . . Total Robot Build Rating . | . . . . . . . . . . Part Schematics Acquired 1 | . . . . . 1 . . . . Parts Built 2 | . . . . . . . . . 2 Authchips 2 | . . . . . . . . . 2 Time 36 | . . . . . . . . . 36 Total Part Build Rating 6 | . . . . . . . . . 6 Parts Repaired . | . . . . . . . . . . Time . | . . . . . . . . . . Parts Recycled . | . . . . . . . . . . Recycled Matter . | . . . . . . . . . . Retrieved Matter . | . . . . . . . . . . Retrieved Components . | . . . . . . . . . . Parts Scanalyzed . | . . . . . . . . . . Part Schematics Acquired . | . . . . . . . . . . Parts Damaged . | . . . . . . . . . . Bothacking | -11 -10 -10 -10 -9 -8 -7 -6 -6 -6 ------------ Run | Yrd Mat Min Exi Min Mat Fac Fac Was Fac Used RIF Installer . | . . . . . . . . . . Robots Hacked . | . . . . . . . . . . Non-combat . | . . . . . . . . . . Combat . | . . . . . . . . . . Robot Hacks Applied . | . . . . . . . . . . Relay Couplers Released . | . . . . . . . . . . Fabnet Peak Effective % . | . . . . . . . . . . Robots Rewired 2 | . . . 2 . . . . . . Allies Hacked . | . . . . . . . . . . Hacks Repelled . | . . . . . . . . . . Allies | -11 -10 -10 -10 -9 -8 -7 -6 -6 -6 -------- Run | Yrd Mat Min Exi Min Mat Fac Fac Was Fac Total Allies 7 | . . 3 2 . . . . 1 1 Largest Group 5 | . . 3 5 5 . . . 1 1 Highest-Rated Group 69 | . . 40 69 69 . . . 31 10 Highest-Rated Ally 31 | . . 16 21 21 . . . 31 10 Total Orders . | . . . . . . . . . . Ally Attacks 31 | . . . . 18 . . . 13 . Total Damage 358 | . . . . 190 . . . 168 . Kills 2 | . . . . 2 . . . . . Allies Corrupted . | . . . . . . . . . . Allies Melted . | . . . . . . . . . . Intel | -11 -10 -10 -10 -9 -8 -7 -6 -6 -6 ------- Run | Yrd Mat Min Exi Min Mat Fac Fac Was Fac Active Infowar (turns) 1106 | . . . . . . 540 65 9 492 Sensors 764 | . . . . . . 223 65 9 467 Terrain 366 | . . . . . . 366 . . . Structural 719 | . . . . . . 174 65 9 471 Robot Analysis Total . | . . . . . . . . . . Derelict Logs Recovered 1 | . . 1 . . . . . . . Drone Launches . | . . . . . . . . . . Drone Recoveries . | . . . . . . . . . . Exploration | -11 -10 -10 -10 -9 -8 -7 -6 -6 -6 ------------- Run | Yrd Mat Min Exi Min Mat Fac Fac Was Fac Turns Passed 2695 | 16 528 273 403 22 99 722 65 73 494 Spaces Moved 3955 | 25 245 422 419 59 205 1598 160 154 668 Core 254 | 25 193 . . . . . . . 36 Treads . | . . . . . . . . . . Legs . | . . . . . . . . . . Wheels . | . . . . . . . . . . Hover . | . . . . . . . . . . Flight 3701 | . 52 422 419 59 205 1598 160 154 632 Fastest Speed 32 | 50 37 37 37 37 34 32 32 34 37 Average Speed 40 | 50 48 37 68 37 40 33 33 35 38 Slowest Speed 120 | 50 100 120 120 37 114 35 34 40 100 Overloaded Moves . | . . . . . . . . . . Propulsion Burnouts . | . . . . . . . . . . Robots Hopped 25 | . 1 2 . 1 6 6 3 . 6 Potential Cave-ins . | . . . . . . . . . . Cave-ins Triggered . | . . . . . . . . . . Exploration Rate (%) 43 | 3 52 84 82 20 30 48 5 90 16 Regions Visited 9 Branch Regions 3 Pre-discovered Areas 5 | . 3 1 . 1 . . . . . Known Exits Taken 2 | . . . . . 1 1 . . . Unknown Exits Taken 5 | 1 1 1 1 1 . . . . . Scrap Searched 2 | . . . . 2 . . . . . Spaces Dug 41 | . . . . . . 25 2 . 14 Terrain Destroyed 135 | . . 21 . 4 24 70 2 . 14 Melee 41 | . . . . . . 25 2 . 14 Projectile 7 | . . . . 4 3 . . . . AOE 87 | . . 21 . . 21 45 . . . Terrain Rammed . | . . . . . . . . . . Walls Destroyed . | . . . . . . . . . . Machines Disabled . | . . . . . . . . . . Actions | -11 -10 -10 -10 -9 -8 -7 -6 -6 -6 --------- Run | Yrd Mat Min Exi Min Mat Fac Fac Was Fac Total 4876 | 27 628 515 534 57 211 1713 164 172 855 Wait 727 | . 366 80 96 . 1 22 1 11 150 Move 3899 | 24 242 417 418 56 193 1585 154 153 657 Hop 23 | . 1 2 . 1 5 6 3 . 5 Pick Up 14 | . . 2 2 . . 6 . 1 3 Fast Attach 30 | 2 3 1 2 . 3 12 . 2 5 Attach 12 | . 2 . . . 2 6 . 1 1 Detach 9 | 1 1 . . . 2 3 . 1 1 Swap 7 | . . 5 . . . 1 1 . . Drop 22 | . . . 5 . 2 6 1 3 5 Fire 27 | . 13 8 . . 3 3 . . . Melee 94 | . . . . . . 63 4 . 27 Ram 1 | . . . . . . . . . 1 Kick . | . . . . . . . . . . Crush . | . . . . . . . . . . Escape Stasis . | . . . . . . . . . . Rewire 11 | . . . 11 . . . . . . Trap . | . . . . . . . . . . Miscellaneous . | . . . . . . . . . . Route ------- -11/Scrapyard -10/Materials (discovered 6 exits: *Mat x3 / [*Min x2] / Sub) -10/Mines (discovered 2 exits: *Mat / *Exi) -10/Exiles -9/Mines -8/Materials (discovered 2 exits: *Fac x2) -7/Factory (discovered 4 exits: *Fac x2 / *Low x2) -6/Factory -6/Waste -6/Factory History --------- Turn | Location | Event 9 | -11/Scrapyard | Discovered new exit (range 16) 17 | -11/Scrapyard | Entered Materials 47 | -10/Materials | Discovered new exit (range 16) 61 | -10/Materials | Discovered new exit (range 8) 137 | -10/Materials | Discovered new exit (range 7) 239 | -10/Materials | Learned 4 Recycling zone layouts 303 | -10/Materials | Learned location of Mines (-10) 317 | -10/Materials | Build established: Mutant 400 | -10/Materials | Learned location of Recycling (-9) 432 | -10/Materials | Identified exit to Materials 453 | -10/Materials | Learned location of 2 exits from Materials 486 | -10/Materials | Learned location of Storage (-9) 529 | -10/Materials | Identified exit to Subcaves 545 | -10/Materials | Entered Mines 560 | -10/Mines | Met a Derelict bent on vengeance 571 | -10/Mines | Received a Rocket Launcher from a helpful Derelict 589 | -10/Mines | Learned location of Zion (-7) 649 | -10/Mines | Discovered exit to Materials (range 8) 675 | -10/Mines | Assisted by bots powering up and referring to "LRC-V3" 739 | -10/Mines | Deemed a non-threat by the Exiles lab entrance 739 | -10/Mines | Discovered new exit (range 5) 818 | -10/Mines | Entered Exiles 818 | -10/Exiles | Found Exiles lab destroyed 818 | -10/Exiles | Accompanied by 3 allies 859 | -10/Exiles | Opened EX-Vault 862 | -10/Exiles | Found AWS/Thermal 1120 | -10/Exiles | Discovered new exit (range 14) 1192 | -10/Exiles | Build established: Commander-Mutant 1221 | -10/Exiles | Entered Mines 1221 | -9/Mines | Accompanied by 5 allies 1222 | -9/Mines | Assembled infested the area 1241 | -9/Mines | Discovered new exit (range 4) 1243 | -9/Mines | Entered Materials 1243 | -8/Materials | Evolved 4 slots: Utility x4 1244 | -8/Materials | Identified exit to Factory 1342 | -8/Materials | Entered Factory 1342 | -7/Factory | Evolved 2 slots: Utility x2 1352 | -7/Factory | Discovered new exit (range 16) 1461 | -7/Factory | Discovered new exit (range 3) 1543 | -7/Factory | Build established: Mutant 1877 | -7/Factory | Discovered new exit (range 12) 1895 | -7/Factory | Identified exit to Lower Caves 1976 | -7/Factory | Discovered new exit (range 16) 2063 | -7/Factory | Identified exit to Factory 2064 | -7/Factory | Entered another Factory area 2064 | -6/Factory | Evolved 2 slots: Utility x2 2129 | -6/Factory | Sucked down chute 2129 | -6/Factory | Entered Waste 2130 | -6/Waste | Met a frightened Derelict 2132 | -6/Waste | Build established: Hacker-Scout 2141 | -6/Waste | Spotted C-40 Crusher 2144 | -6/Waste | EMP discharged 2152 | -6/Waste | Spotted C-40 Crusher 2152 | -6/Waste | Spotted C-40 Crusher 2152 | -6/Waste | Spotted C-40 Crusher 2158 | -6/Waste | Spotted C-40 Crusher 2167 | -6/Waste | Spotted C-40 Crusher 2183 | -6/Waste | Crushed by Compactor (1 part destroyed, 2 dropped) 2191 | -6/Waste | Discovered new exit (range 16) 2201 | -6/Waste | Identified exit to Factory 2202 | -6/Waste | Entered Factory 2452 | -6/Factory | Fabricated Hacking Suite (x1) 2590 | -6/Factory | Fabricated Hacking Suite (x1) 2696 | -6/Factory | Self-destructed Last Messages --------------- ETC: 18 W 4L90GMT/EWZLJX><<4JGFOF8QAO Fabricator completes Hacking Suite. Acquired Hacking Suite. Connecting with Fabricator... System corrupted: Heat flow error (+184). System corrupted: Matter fused (-8). U-05 Engineer builds a Wall. K-01 Serf cleans the Nuclear Reactor. K-01 Serf cleans the DSF Access. Connecting with DSF Access... Xenon Bombardment Thruster destroyed. ALERT: Security rotation in progress. Dropped Adv. Sensor Array. System corrupted: Matter fused (-7). Slammed into R-10 Processor. R-10 Processor sends out distress signal. Slug penetrates Wall. Penetrated by Slug. Structural Scanner destroyed. Map ----- +----------------------------------------------------+ | ????????????????### ##+##????###?? ##?## ! # | | ????????????????## # ???? ?? ##?## # | | ????????????????##T # ???????????? ##?## # | | ????????????????### # ??????????## ##?## # | | ????????????????### # ??????????## ##?##[ # | | ?????????????????## # ??????????## ##?############ | | ?????????????????## # ## ##?############ | | ?????????????????## #####+######## ##????????????? | | ?????????????????## ^ ##????????????? | | ?????????????????## ##????????????? | | ?????????????????##"" ##????????????? | | ?????????????????##"Y ! ##????????????? | | ?????????????????##""^ ######## ##????????????? | | ?????????????????## ######## ##????????????? | | ?????????????????## ##????## ##????????????? | | ?????????????????## """ ##????## ##????######### | | ?????????????????## """ ######## ##????######### | | ????????????????### """ ######## ##????## + | | ????????????????## """ # # ######## # """ | | ??????????????w #[ """ # ######## # """ | | ??????????????#### # """!+ + """ | | ??????????????#####+##### # """ ########## # | | ??????????????# """ #### # ########## #! | | ??????????????# "Y" + + #####???## ###### | | ??????????????# " " ####h####+#######??### ###### | | ??????????????# ???#@#### #### ? ## ###??? | | ??????????????# ????# #### #?## # ##??? | | ??????????????#! ????# #?## ??## + ##??? | | ?????????????############ #### #?## # ##??? | | ???????? " s #?## ? ## ###??? | | ?????????????################# #?## ??? ## ###??? | | ?????????????????????????????????###?????## ##???? | | ?????????????????????????????????###?????## ##???? | | ?????????????????????????????????????????## ### ?? | | ?????????????????????????????????????????## ### ?? | | ???????????????????????????????????######## # ?? | | ??????????????????????????????????? ####### # | | ?????????????????????????????????"" + #### | | ??????????????????????????????????? #### | | ??????????????????????????????????? #### | | ??????????????????????????????????????## | | ??????????????????????????????????????## | | ??????????????????????????????????????## | | ??????????????????????????????????????## ## | | ??????????????????????????????????????## ## | | ?????????????????????????????????????? ## | | ????????????????????????????????????? ## | | ???????????????????????????????????? ## | | ??????????????????????????????????? ## | | ??????????????????????????????????? ## | +----------------------------------------------------+ Best States ------------- Heat Dissipation 37 Energy Generation 14 Energy Capacity 160 Matter Stores 246 Matter Capacity 300 Sight Range 16 Robot Scan Range 16 Terrain Scan Range 14 Terrain Scan Density 160 Evasion (%) 63 Offensive Hacking 50 Defensive Hacking 10 Authchip Count 2 Item Schematics ----------------- Hacking Suite | -8/Materials | Hacked Robot Schematics ------------------ None Fabricated ------------ Hacking Suite | x1 | -6/Factory | Authchip Hacking Suite | x1 | -6/Factory | Authchip Repaired ---------- Nothing Alien Tech Used ----------------- None Achievements -------------- None Challenges ------------ None Game ------ Seed CoilLightParser Manual? 0 Play Time 00:33:25 Cumulative 207.0 hours Start 2025.05.26 @ 19:06:30 End 2025.05.26 @ 19:37:41 Sessions 1 Manual Loads 0 Difficulty Rogue Special Mode None Game No. 208 Rogue 24 Adventurer 173 Explorer 11 Win Type - Total 54 Types 14/1/15/2/12/0/4/1/0/5 Lore% 48 Gallery% 49 Achievement% 67 Wizard Run 0 Options --------- Layout 0 ASCII 0 Keyboard 0 Movement Numpad Keybinds 0 Fullscreen 2 Font 12/Smallcaps Map View 83x54 Zoom Use 0% Tactical HUD 0 Map Filters NONE Filters NONE Steam X RUN: 20865dce-95e4-4e60-9d14-a2d02b0b2198